 Dungeon Crawl Stone Soup version 0.18.1-8-gdd0e5ea (webtiles) character file.

6855 RudyRod the Arsonist (level 11, -27/59 HPs)
             Began as a Gargoyle Fire Elementalist on June 9, 2016.
             Was a Follower of Vehumet.
             Annihilated by a hill giant
             ... wielding a +0 giant club
              (30 damage)
             ... on level 10 of the Dungeon.
             The game lasted 01:22:01 (13683 turns).

RudyRod the Arsonist (Gargoyle Fire Elementalist)  Turns: 13683, Time: 01:22:02

Health: -27/59     AC: 13    Str: 11    XL:     11   Next: 6%
Magic:  20/29      EV: 12    Int: 25    God:    Vehumet [*.....]
Gold:   330        SH:  2    Dex:  7    Spells: 6 memorised, 2 levels left

rFire  + + .     SeeInvis .     K - +5 spear (elec)
rCold  + . .     Gourm    .     N - +0 leather armour of Loss {+Fly rF++ MR- MP+9}
rNeg   + . .     Faith    .     E - +0 buckler
rPois  ∞         Spirit   .     (no helmet)
rElec  +         Dismiss  .     y - +0 cloak of Satisfaction {rPois rC+ Int+5 Dex-3}
rCorr  .         Reflect  .     (no gloves)
SustAt .         Harm     .     w - +0 pair of boots
MR     .....                    (no amulet)
Stlth  +++.......               (no ring)
                                A - ring of wizardry

@: very slightly contaminated, invisible, not resistant to hostile enchantments,
fairly stealthy
A: negative energy resistance 1, electricity resistance, unbreathing,
petrification resistance, rot immunity, AC +7
a: Renounce Religion, Evoke Flight


You were on level 10 of the Dungeon.
You worshipped Vehumet.
Vehumet was aware of your devotion.
You were not hungry.

You visited 2 branches of the dungeon, and saw 11 of its levels.

You collected 484 gold pieces.
You spent 154 gold pieces at shops.

Inventory:

Hand Weapons
 p - a +1 falchion of holy wrath
 K - a +5 spear of electrocution (weapon)
Missiles
 i - 149 stones (quivered)
Armour
 m - a +0 leather armour of fire resistance
 w - a +0 pair of boots (worn)
 y - the +0 cloak of Satisfaction (worn) {rPois rC+ Int+5 Dex-3}
   (You found it on level 4 of the Dungeon)

   It affects your intelligence (+5).
   It affects your dexterity (-3).
   It protects you from cold.
   It protects you from poison.
 E - a +0 buckler (worn)
 H - a +2 leather armour of positive energy
 M - the +1 robe of the Merchant {Int+2}
   (You found it on level 6 of the Dungeon)

   It affects your intelligence (+2).
 N - the +0 leather armour of Loss (worn) {+Fly rF++ MR- MP+9}
   (You found it on level 7 of the Dungeon)

   It greatly protects you from fire.
   It affects your resistance to hostile enchantments.
   It affects your magic capacity (+9).
   It lets you fly.
Magical Staves
 a - an uncursed staff of fire
Jewellery
 A - a ring of wizardry (left hand)
Wands
 n - a wand of slowing (36/48)
 v - a wand of digging (16/24)
 z - a wand of flame (12/48)
Scrolls
 d - a scroll of remove curse
 e - 2 scrolls of amnesia
 g - 2 scrolls of recharging
 h - 4 scrolls of identify
 j - a scroll of fear
 x - 2 scrolls of immolation {unknown}
 L - a scroll of torment {unknown}
Potions
 l - a potion of heal wounds {unknown}
 o - a potion of flight {unknown}
 C - a potion of haste
 G - 2 potions of curing
 I - 2 potions of brilliance {unknown}
 O - a potion of might {unknown}
Books
 b - a book of Flames

   Spells                             Type                      Level
   a - Flame Tongue                   Conjuration/Fire             1
   b - Throw Flame                    Conjuration/Fire             2
   c - Conjure Flame                  Conjuration/Fire             3
   d - Inner Flame                    Hexes/Fire                   3
   e - Sticky Flame                   Conjuration/Fire             4
   f - Fireball                       Conjuration/Fire             5
 f - a book of Cantrips

   Spells                             Type                      Level
   a - Corona                         Hexes                        1
   b - Animate Skeleton               Necromancy                   1
   c - Summon Small Mammal            Summoning                    1
   d - Apportation                    Translocation                1
 q - an Akashic Record

   Spells                             Type                      Level
   a - Dispersal                      Translocation                6
   b - Malign Gateway                 Summoning/Translocation      7
   c - Disjunction                    Translocation                8
   d - Controlled Blink               Translocation                8
 F - a book of Spatial Translocations

   Spells                             Type                      Level
   a - Apportation                    Translocation                1
   b - Blink                          Translocation                2
   c - Shroud of Golubria             Charms/Translocation         2
   d - Portal Projectile              Translocation                3
   e - Teleport Other                 Translocation                3
   f - Passage of Golubria            Translocation                4
Miscellaneous
 t - a plain deck of destruction {Vitriol}
Comestibles
 c - 6 royal jellies
 k - a beef jerky
 r - 3 meat rations
 s - 6 fruits
 u - 2 bread rations
 B - 2 chunks of flesh
 J - a slice of pizza


   Skills:
 + Level 2.9 Fighting
 + Level 1.7 Long Blades
 + Level 0.8 Polearms
 * Level 3.3 Armour
 * Level 6.2 Dodging
 + Level 7.4 Stealth
 + Level 6.2 Spellcasting
 + Level 6.1 Conjurations
 * Level 0.8 Summonings
 * Level 2.8 Translocations
 + Level 9.2 Fire Magic


You had 2 spell levels left.
You knew the following spells:

 Your Spells              Type           Power        Failure   Level  Hunger
a - Flame Tongue          Conj/Fire      #####        1%          1    None
b - Throw Flame           Conj/Fire      #####.       1%          2    None
c - Sticky Flame          Conj/Fire      #####...     4%          4    ###....
d - Fireball              Conj/Fire      #####.....   9%          5    #####..
e - Apportation           Tloc           ###.......   3%          1    None
f - Malign Gateway        Summ/Tloc      ###.......   100%        7    #######


Dungeon Overview and Level Annotations

Branches:
Dungeon (10/15)            Temple (1/1) D:6            Lair (0/8) D:9
    Orc: D:9-12

Altars:
Ashenzari
Cheibriados
Dithmenos
Elyvilon
Fedhas
Gozag
Kikubaaqudgha
Makhleb
Nemelex Xobeh
Okawaru
Pakellas
Qazlal
Ru
Sif Muna
Trog
Vehumet
Xom
Yredelemnul
Zin
The Shining One

Shops:
D:10 *


Innate Abilities, Weirdness & Mutations

You are resistant to torment.
Your stone body is resilient (AC +7).
You are immune to poison.
You resist negative energy.
You are resistant to electric shocks.
You can survive without breathing.
You are immune to petrification.
You are immune to rotting.


Message History

The hill giant hits you with a giant club!!
Ouch! That really hurt!
* * * LOW HITPOINT WARNING * * *
Some of the chunks of flesh in your inventory have rotted away.
Drink which item? (? for menu, Esc to quit)
You fade into invisibility!
The hill giant burns!
You are very lightly contaminated with residual magic.
The hill giant burns!
The hill giant burns!
The hill giant burns!
The hill giant burns!
The hill giant burns!
The hill giant burns!
The hill giant burns!
The hill giant burns!
The hill giant burns!
The hill giant hits you with a giant club!!
Ouch! That really hurt!
You die...

###############
#......())....#
##.##########.#
#####.........##.#
......#######.##'###
.. #####.# #...@..#
.### #.# #...C..#
... #.# #......# ..#
#####.. #......# ..#
...##.. #......# ..#
...##...
#......####..##.#
...##...
#...............#
...+
###....####..#....
...#
.................. .


You could see a hill giant (burning).

Vanquished Creatures
  Erica (D:8)
  Pikel (D:5)
  Joseph (D:7)
  Prince Ribbit (D:7)
  A troll (D:9)
  A two-headed ogre (D:10)
  Eustachio (D:5)
  Sigmund (D:3)
  2 hungry ghosts
  Grum (D:8)
  A soldier ant (D:8)
  An orc warrior (D:8)
  4 sky beasts
  A wasp (D:8)
  2 ice beasts
  4 ogres
  2 phantoms
  A necrophage (D:7)
  2 wolves (D:8)
  A centaur (D:7)
  A crocodile (D:8)
  A big kobold (D:8)
  7 giant frogs
  A gnoll sergeant (D:6)
  A scorpion (D:7)
  2 killer bees (D:10)
  11 wights
  4 crimson imps
  A giant frog zombie (D:10)
  2 hounds
  2 orc priests (D:6)
  2 orc wizards
  Crazy Yiuf (D:2)
  A centaur skeleton (D:4)
  2 giant frog skeletons
  4 iguanas
  Terence (D:2)
  Natasha (thrice) (D:4)
  2 hell rats (D:6)
  8 worker ants
  2 hound skeletons
  2 worker ant zombies
  5 gnolls
  4 river rats (D:6)
  15 adders
  A shadow imp (D:6)
  2 adder skeletons
  2 worms (D:6)
  4 giant geckos
  19 orcs
  A ball python (D:6)
  4 bats
  7 giant cockroaches
  6 goblins
  7 hobgoblins
  17 jackals
  9 kobolds
  5 quokkas
  6 giant newts
  A jackal zombie (D:8)
  A quokka skeleton (D:8)
  33 rats
240 creatures vanquished.

Vanquished Creatures (others)
  Edmund (D:5)
  A slave (D:5)
  A centaur (D:5)
  A crimson imp (D:5)
  A worker ant (D:5)
  An adder (D:8)
  An adder skeleton (D:5)
  A worm (D:5)
  A quokka (D:5)
9 creatures vanquished.

Grand Total: 249 creatures vanquished

Notes
Turn   | Place    | Note
--------------------------------------------------------------
     0 | D:1      | RudyRod the Gargoyle Fire Elementalist began the quest for the Orb.
     0 | D:1      | Reached XP level 1. HP: 10/10 MP: 3/3
   306 | D:1      | Reached XP level 2. HP: 12/15 MP: 5/5
   692 | D:1      | Reached XP level 3. HP: 19/19 MP: 0/6
   843 | D:1      | Reached skill level 4 in Fire Magic
  1437 | D:2      | Reached XP level 4. HP: 18/24 MP: 1/7
  1551 | D:2      | Noticed Terence
  1570 | D:2      | Killed Terence
  2100 | D:3      | Found a shadowy altar of Dithmenos.
  2323 | D:3      | Reached XP level 5. HP: 28/28 MP: 4/8
  2396 | D:3      | Noticed Sigmund
  2526 | D:2      | Noticed Crazy Yiuf
  2534 | D:2      | Killed Crazy Yiuf
  3498 | D:2      | Reached XP level 6. HP: 33/33 MP: 4/10
  3709 | D:3      | Killed Sigmund
  3709 | D:3      | Reached skill level 5 in Fire Magic
  3917 | D:4      | Found a sparkling altar of Nemelex Xobeh.
  4052 | D:4      | Learned a level 2 spell: Throw Flame
  4057 | D:4      | Learned a level 4 spell: Sticky Flame
  4277 | D:4      | Found a white marble altar of Elyvilon.
  4305 | D:4      | Reached XP level 7. HP: 20/37 MP: 1/11
  4500 | D:4      | Noticed Natasha
  4510 | D:4      | Killed Natasha
  4593 | D:4      | Got a spiked cloak
  4604 | D:4      | Identified the cursed +0 cloak of Satisfaction {rPois rC+ Int+5 Dex-3} (You found it on level 4 of the Dungeon)
  4738 | D:4      | Noticed Natasha
  4742 | D:4      | Killed Natasha
  5239 | D:4      | Noticed Natasha
  5242 | D:4      | Killed Natasha
  5672 | D:5      | Entered Level 5 of the Dungeon
  5716 | D:5      | Reached skill level 1 in Fighting
  5716 | D:5      | Reached XP level 8. HP: 43/43 MP: 0/13
  5934 | D:5      | Reached skill level 6 in Fire Magic
  5989 | D:5      | Noticed Pikel
  6001 | D:5      | Killed Pikel
  6001 | D:5      | Reached skill level 5 in Stealth
  6103 | D:5      | Killed Edmund
  6124 | D:5      | Noticed Eustachio
  6299 | D:5      | Reached skill level 1 in Long Blades
  6412 | D:5      | Killed Eustachio
  6722 | D:6      | Found an ancient bone altar of Kikubaaqudgha.
  6757 | D:6      | Reached XP level 9. HP: 48/48 MP: 9/15
  6761 | D:6      | Reached skill level 7 in Fire Magic
  7235 | D:6      | Learned a level 5 spell: Fireball
  7699 | D:6      | Found a staircase to the Ecumenical Temple.
  7712 | D:6      | Got a tattered robe
  7719 | Temple   | Entered the Ecumenical Temple
  7847 | Temple   | Identified the +1 robe of the Merchant {Int+2} (You found it on level 6 of the Dungeon)
  8833 | D:7      | Noticed Prince Ribbit
  8843 | D:7      | Killed Prince Ribbit
  8843 | D:7      | Reached skill level 5 in Dodging
  8894 | D:7      | Reached skill level 1 in Armour
  9034 | D:7      | Reached skill level 8 in Fire Magic
  9040 | D:7      | Got a spiked leather armour
  9083 | D:7      | Identified the cursed +0 leather armour of Loss {+Fly rF++ MR- MP+9} (You found it on level 7 of the Dungeon)
  9476 | D:7      | Found a radiant altar of Vehumet.
  9481 | D:7      | Became a worshipper of Vehumet
  9612 | D:7      | Noticed Joseph
  9625 | D:7      | Killed Joseph
  9625 | D:7      | Reached skill level 5 in Spellcasting
  9625 | D:7      | Reached skill level 5 in Conjurations
  9625 | D:7      | Reached XP level 10. HP: 25/54 MP: 15/17
 10215 | D:8      | Noticed Grum
 10603 | D:8      | Learned a level 1 spell: Apportation
 10943 | D:8      | Noticed Erica
 11141 | D:8      | HP: 2/54 [Grum/glaive (14)]
 11146 | D:8      | Killed Grum
 11146 | D:8      | Reached skill level 1 in Translocations
 11683 | D:8      | Killed Erica
 11683 | D:8      | Reached * piety under Vehumet
 11683 | D:8      | Offered knowledge of Shock by Vehumet.
 11683 | D:8      | Reached skill level 9 in Fire Magic
 11832 | D:8      | Found a shimmering altar of Xom.
 11837 | D:8      | Found a shattered altar of Ashenzari.
 11840 | D:8      | Found an iron altar of Okawaru.
 12194 | D:8      | Learned a level 7 spell: Malign Gateway
 12297 | D:9      | Found a staircase to the Lair.
 12569 | D:9      | Found a glowing silver altar of Zin.
 13278 | D:10     | Entered Level 10 of the Dungeon
 13435 | D:10     | Found Muocvuc's Assorted Antiques.
 13442 | D:10     | Reached XP level 11. HP: 59/59 MP: 20/20
 13450 | D:10     | Bought a potion of curing for 66 gold pieces
 13450 | D:10     | Bought a scroll labeled COEQEO GACITT for 22 gold pieces
 13450 | D:10     | Bought a potion of curing for 66 gold pieces
 13669 | D:10     | Noticed a hill giant
 13673 | D:10     | HP: 1/59 [hill giant/giant club (30)]
 13683 | D:10     | Annihilated by a hill giant

Skill      XL: |  1  2  3  4  5  6  7  8  9 10 |
---------------+-------------------------------+-----
Fire Magic     | 4 5 6 8 9 |  9.2
Stealth        | 3 4 5 7 |  7.4
Dodging        | 2 3 4 5 6 |  6.2
Conjurations   | 2 3 4 5 6 |  6.1
Spellcasting   | 3 4 5 6 |  6.2
Fighting       | 1 2 |  2.9
Long Blades    | 1 |  1.7
Armour         | 1 3 |  3.3
Translocations | 2 |  2.8
Polearms       | |  0.8
Summonings     | |  0.8

Action                   |  1- 3 |  4- 6 |  7- 9 | 10-12 || total
-------------------------+-------+-------+-------+-------++-------
Melee: Short sword       |    19 |    10 |       |       ||    29
       Falchion          |       |    45 |    79 |    25 ||   149
       Spear             |       |       |    54 |    40 ||    94
 Cast: Flame Tongue      |    47 |    86 |   208 |   124 ||   465
       Throw Flame       |       |     2 |    12 |    17 ||    31
       Sticky Flame      |       |       |    10 |    12 ||    22
       Fireball          |       |       |     1 |    11 ||    12
Evoke: Wand              |       |       |       |     1 ||     1
  Use: Potion            |       |     3 |     1 |     3 ||     7
       Scroll            |       |     2 |     7 |     6 ||    15
 Stab: Distracted        |     1 |       |       |       ||     1
       Sleeping          |       |     3 |     3 |     1 ||     7
  Eat: Chunk             |     2 |     2 |     6 |     5 ||    15
       Bread ration      |       |     2 |     1 |     1 ||     4
       Fruit             |       |       |     4 |       ||     4
       Meat ration       |       |       |     1 |       ||     1
       Pizza             |       |       |     1 |       ||     1
       Royal jelly       |       |       |     1 |     3 ||     4
Armor: Robe              |    10 |    23 |    20 |       ||    53
       Leather armour    |       |       |    53 |    66 ||   119
Dodge: Dodged            |    29 |    66 |   123 |    76 ||   294
Block: Buckler           |       |       |       |     9 ||     9
